 Dungeon Crawl Stone Soup version 0.20.1-1-g8b1a95d (webtiles) character file.

2722 Timinator the Martial Artist (level 9, 0/68 HPs)
             Began as a Vampire Monk on Nov 8, 2017.
             Was a Priest of Kikubaaqudgha.
             Slain by a troll (3 damage)
             ... on level 9 of the Dungeon on Dec 19, 2017.
             The game lasted 01:09:24 (7022 turns).

Timinator the Martial Artist (Vampire Monk)         Turns: 7022, Time: 01:09:33

Health: 0/68       AC:  6    Str: 10    XL:     9   Next: 39%
Magic:  14/15      EV: 17    Int: 12    God:    Kikubaaqudgha [***...]
Gold:   418        SH:  6    Dex: 20    Spells: 9/16 levels left

rFire    + . .     SeeInvis +     - Unarmed
rCold    + + .     Gourm    .   (no shield)
rNeg     . . .     Faith    .   q - +2 leather armour {rC+}
rPois    +         Spirit   .   (no helmet)
rElec    +         Reflect  +   (no cloak)
rCorr    +         Harm     .   (no gloves)
MR       .....                  d - +0 pair of boots
Stlth    ++........             e - +6 amulet of reflection
Regen    0.5/turn               (no ring)
MPRegen  0.2/turn               (no ring)

@: confusing touch, resistant, regenerating quickly
A: fangs 3, see invisible, unbreathing
a: Receive Corpses, Renounce Religion


You were on level 9 of the Dungeon.
You worshipped Kikubaaqudgha.
Kikubaaqudgha was most pleased with you.
You were full.

You visited 2 branches of the dungeon, and saw 10 of its levels.

You collected 418 gold pieces.

Inventory:

Armour
 d - a +0 pair of boots (worn)
 g - a +0 ring mail
 q - a +2 leather armour of cold resistance (worn)
Magical Staves
 n - an uncursed staff of conjuration {unknown}
Jewellery
 e - a +6 amulet of reflection (around neck)
Wands
 t - a wand of polymorph (0/24)
 w - a wand of paralysis (22/24)
Scrolls
 a - 2 scrolls of recharging
 f - a scroll of amnesia
 i - 3 scrolls of remove curse
 m - a scroll of immolation
 o - 4 scrolls of teleportation
 p - a scroll of identify
 v - 2 scrolls of blinking {unknown}
Potions
 b - 11 potions of blood
 c - a potion of mutation {unknown}
 j - a potion of haste
 k - a potion of brilliance {unknown}
 l - a potion of flight {unknown}
Books
 h - Kikubaaqudgha's Collected Works on Evil Rituals
   (Kikubaaqudgha gifted it to you on level 9 of the Dungeon)

   Spells                             Type                      Level
   a - Animate Dead                   Necromancy                   4
   b - Excruciating Wounds            Charms/Necromancy            5
   c - Dispel Undead                  Necromancy                   5
   d - Simulacrum                     Ice/Necromancy               6
   e - Death Channel                  Necromancy                   6
 u - a book of Misfortune

   Spells                             Type                      Level
   a - Confusing Touch                Hexes                        1
   b - Confuse                        Hexes                        3
   c - Gell's Gravitas                Translocation                3
   d - Petrify                        Transmutation/Earth          4
   e - Metabolic Englaciation         Hexes/Ice                    5
   f - Yara's Violent Unravelling     Hexes/Transmutation          5


   Skills:
 * Level 5.0 Fighting
 - Level 2.1 Armour
 * Level 7.2 Dodging
 - Level 3.0 Stealth
 + Level 10.0 Unarmed Combat
 * Level 4.3 Spellcasting
 + Level 1.1 Hexes
 + Level 0.2 Necromancy
 - Level 0.1 Evocations


You had 9 spell levels left.
You knew the following spells:

 Your Spells              Type           Power        Failure   Level  Hunger
a - Confusing Touch       Hex            #.....       19%         1    None
b - Pain                  Necr           #...         26%         1    None
c - Sublimation of Blood  Necr           #.........   36%         2    ##.....
d - Regeneration          Chrm/Necr      #.........   63%         3    ###....


Dungeon Overview and Level Annotations

Branches:
Dungeon (9/15)             Temple (1/1) D:6
   Lair: D:8-11         Orc: D:9-12

Altars:
Ashenzari
Cheibriados
Dithmenos
Elyvilon
Fedhas
Gozag
Hepliaklqana
Kikubaaqudgha
Makhleb
Nemelex Xobeh
Okawaru
Qazlal
Ru
Sif Muna
Trog
Uskayaw
Vehumet
Xom
Yredelemnul
Zin
The Shining One

Shops:
D:7 *


Innate Abilities, Weirdness & Mutations

Your natural rate of healing is unusually fast.
You have razor-sharp teeth.
You have supernaturally acute eyesight. (SInv)
You can survive without breathing.


Message History

The troll misses you.
Okay, then.
Okay, then.
Casting: Confusing Touch
Confirm with . or Enter, or press ? or * to list all spells.
Your hands begin to glow red.
The troll barely misses you. You block the troll's attack. The troll claws you!
* * * LOW HITPOINT WARNING * * *
You hit the troll but do no damage.
The troll is moderately wounded.
The troll completely misses you. The troll barely misses you. x2
You hit the troll but do no damage.
The troll is moderately wounded.
The troll bites you.
* * * LOW HITPOINT WARNING * * *
The troll claws you.
* * * LOW HITPOINT WARNING * * *
The troll claws you.
You die...
Kikubaaqudgha rasps: "You have failed me!
Welcome... oblivion!"

..... ... ##.#
####..######
#..........#
#.....>....# ##########
#..........# #........#
#..........####........#
#..........#..'.@T.....#
#..........'.##........+
#..........####........#
#####'###### #######'##
##.# # #..# ##.## #..#
##'#####


You could see a troll.

Vanquished Creatures
  Pikel (D:6)
  Menkaure (D:7)
  Duvessa (D:7)
  An orc warrior (D:6)
  2 black bears
  A sky beast (D:7)
  An ice beast (D:7)
  A necrophage (D:5)
  An ogre (D:6)
  A phantom (D:7)
  2 centaurs
  3 bullfrogs
  Dowan (D:7)
  4 scorpions
  2 howler monkeys (D:7)
  A centaur zombie (D:5)
  A crimson imp (D:9)
  A bullfrog zombie (D:7)
  2 orc priests
  3 hounds
  3 orc wizards (D:6)
  An iguana (D:7)
  3 worker ants
  A worker ant zombie (D:5)
  3 gnolls (D:3)
  6 adders
  A shadow imp (D:7)
  An ooze (D:3)
  2 adder zombies (D:7)
  4 worms
  2 dart slugs
  A leopard gecko (D:2)
  29 orcs
  7 bats
  7 giant cockroaches
  3 goblins (D:1)
  7 hobgoblins
  13 jackals
  4 quokkas
  3 ball pythons
  4 frilled lizards
  8 kobolds
  7 rats
151 creatures vanquished.

Notes
Turn   | Place    | Note
-------+----------+-------------------------------------------
     0 | D:1      | Timinator the Vampire Monk began the quest for the Orb.
     0 | D:1      | Reached XP level 1. HP: 17/17 MP: 1/1
   219 | D:1      | Reached XP level 2. HP: 23/23 MP: 2/2
   911 | D:2      | Reached XP level 3. HP: 15/29 MP: 3/3
  1046 | D:2      | Reached skill level 4 in Unarmed Combat
  1717 | D:3      | Reached skill level 1 in Armour
  1798 | D:3      | Reached XP level 4. HP: 16/35 MP: 4/4
  2329 | D:3      | Reached XP level 5. HP: 41/41 MP: 5/5
  2427 | D:4      | Reached skill level 5 in Unarmed Combat
  3658 | D:4      | Found a shattered altar of Ashenzari.
  3733 | D:5      | Entered Level 5 of the Dungeon
  3734 | D:5      | Noticed a necrophage
  3757 | D:5      | Killed a necrophage
  3757 | D:5      | Reached skill level 1 in Spellcasting
  3757 | D:5      | Reached XP level 6. HP: 35/45 MP: 7/7
  4069 | D:5      | Found a hide-covered altar of Uskayaw.
  4117 | D:5      | Learned a level 1 spell: Confusing Touch
  4135 | D:5      | Reached skill level 6 in Unarmed Combat
  4709 | D:5      | Reached XP level 7. HP: 35/51 MP: 9/9
  4847 | D:6      | Reached skill level 5 in Dodging
  5063 | D:6      | Reached skill level 7 in Unarmed Combat
  5252 | D:6      | Noticed Pikel
  5274 | D:6      | Killed Pikel
  5274 | D:6      | Reached skill level 8 in Unarmed Combat
  5274 | D:6      | Reached XP level 8. HP: 32/61 MP: 10/12
  5590 | D:6      | Found a staircase to the Ecumenical Temple.
  5599 | Temple   | Entered the Ecumenical Temple
  5636 | Temple   | Became a worshipper of Kikubaaqudgha
  5636 | Temple   | Reached * piety under Kikubaaqudgha
  5636 | Temple   | Identified Kikubaaqudgha's Disquisition on Stolen Souls (Kikubaaqudgha gifted it to you in the Ecumenical Temple)
  5636 | Temple   | Received a gift from Kikubaaqudgha
  5636 | Temple   | Reached ** piety under Kikubaaqudgha
  5650 | Temple   | Learned a level 1 spell: Pain
  5659 | Temple   | Learned a level 1 spell: Pain
  5665 | Temple   | Learned a level 2 spell: Sublimation of Blood
  5669 | Temple   | Learned a level 3 spell: Regeneration
  5769 | D:7      | Found Zuikh's General Store.
  5825 | D:7      | Found a burning altar of Makhleb.
  5825 | D:7      | Found a basalt altar of Yredelemnul.
  5837 | D:7      | Found a deep blue altar of Sif Muna.
  5837 | D:7      | Found a glowing golden altar of the Shining One.
  6009 | D:7      | Noticed Duvessa
  6009 | D:7      | Noticed Dowan
  6022 | D:7      | Killed Dowan
  6022 | D:7      | Reached skill level 9 in Unarmed Combat
  6030 | D:7      | Killed Duvessa
  6030 | D:7      | Reached skill level 1 in Hexes
  6251 | D:7      | Reached XP level 9. HP: 55/66 MP: 14/14
  6370 | D:7      | Noticed Menkaure
  6375 | D:7      | Killed Menkaure
  6707 | D:8      | Reached skill level 5 in Fighting
  6763 | D:9      | Reached skill level 10 in Unarmed Combat
  6768 | D:9      | Reached *** piety under Kikubaaqudgha
  6768 | D:9      | Identified Kikubaaqudgha's Collected Works on Evil Rituals (Kikubaaqudgha gifted it to you on level 9 of the Dungeon)
  6768 | D:9      | Received a gift from Kikubaaqudgha
  6992 | D:9      | Noticed a troll
  7022 | D:9      | HP: 3/68 [troll (2)]
  7022 | D:9      | Slain by a troll

Skill      XL: |  1  2  3  4  5  6  7  8  9 |
---------------+----------------------------+-----
Fighting       | 3 4 5 |  5.0
Unarmed Combat | 4 5 6 8 9 10 | 10.0
Armour         | 1 2 |  2.1
Dodging        | 4 6 7 |  7.2
Spellcasting   | 1 2 3 4 |  4.3
Hexes          | 1 |  1.1
Stealth        | |  3.0
Necromancy     | |  0.2
Evocations     | |  0.1

Action                   |  1- 3 |  4- 6 |  7- 9 || total
-------------------------+-------+-------+-------++-------
Melee: Unarmed           |   165 |   278 |   303 ||   746
       Bite              |    17 |    36 |    26 ||    79
       Punch             |       |     5 |    13 ||    18
 Cast: Confusing Touch   |       |       |     5 ||     5
       Pain              |       |       |     1 ||     1
 Abil: Bat Form          |     2 |     2 |       ||     4
       End Transformatio |     1 |     1 |     1 ||     3
Evoke: Wand              |       |       |     4 ||     4
  Use: Scroll            |     1 |       |    13 ||    14
       Potion            |     3 |    11 |    12 ||    26
 Stab: Sleeping          |     7 |     2 |     2 ||    11
       Distracted        |       |     1 |       ||     1
       Invisible         |       |       |     8 ||     8
  Eat: Corpse            |     8 |     4 |     7 ||    19
Armor: Robe              |     9 |       |       ||     9
       Ring mail         |    30 |    49 |     5 ||    84
       Skin              |       |       |    11 ||    11
       Leather armour    |       |       |    31 ||    31
Dodge: Dodged            |    85 |   121 |   186 ||   392
Block: Other             |    21 |    58 |    82 ||   161
       Reflection        |     2 |       |       ||     2
